 Dungeon Crawl Stone Soup version 0.27.1-3-gb3d3a73c9e (webtiles) character file.

Game seed: 817195341565386597

1036 cdecastro the Spear-Bearer (level 8, 0/62 HPs)
             Began as a Demonspawn Gladiator on Oct 8, 2021.
             Was a Believer of Ashenzari.
             Slain by a steam dragon (8 damage)
             ... on level 6 of the Dungeon.
             The game lasted 00:12:10 (6116 turns).

cdecastro the Spear-Bearer (Demonspawn Gladiator)   Turns: 6116, Time: 00:12:11

Health: 0/62       AC:  9    Str: 16    XL:     8   Next: 4%
Magic:  8/8        EV: 13    Int: 11    God:    Ashenzari [**....]
Gold:   520        SH:  0    Dex: 14    Spells: 7/7 levels left

rFire    . . .     SeeInvis +   a - +0 trident of Ashenzari's Insecurity {Comp, Elem} (curse)
rCold    . . .     Faith    .   (no shield)
rNeg     . . .     Spirit   .   l - +0 ring mail of Ashenzari's Foul Odors {Self, Cun} (curse)
rPois    .         Reflect  .   c - +0 helmet "Dismay of Ashenzari" {Elem, Fort} (curse)
rElec    .         Harm     .   (no cloak)
rCorr    .         Rampage  .   b - +2 pair of gloves of Ashenzari's Pantheism {Melee, Cun} (curse)
Will     .....                  (no boots)
Stlth    +.........             (no amulet)
HPRegen  0.20/turn              (no ring)
MPRegen  0.11/turn              (no ring)

@: no status effects
A: talons 1, foul stench 1, sturdy frame 2
a: Renounce Religion, Shatter the Chains


You were on level 6 of the Dungeon.
You worshipped Ashenzari.
Ashenzari was pleased with you.
You visited 2 branches of the dungeon, and saw 7 of its levels.
You also visited: Ossuary.

You collected 520 gold pieces.

Inventory:

Hand Weapons
 a - the cursed +0 trident of Ashenzari's Insecurity (weapon) {Comp, Elem}

   It has a curse which improves the following skills: Companions: Summonings
   and Necromancy.
   Elements:  Fire Magic, Ice Magic, Air Magic and Earth Magic.
Missiles
 d - 3 throwing nets
 h - 45 stones
 m - 11 boomerangs (quivered)
 v - 16 arrows
 x - 12 sling bullets
 A - 6 bolts
 B - a curare-tipped dart
Armour
 b - the cursed +2 pair of gloves of Ashenzari's Pantheism (worn) {Melee, Cun}
   (You found it on level 3 of the Dungeon)

   It has a curse which improves the following skills: Melee Combat: Short
   Blades, Long Blades, Axes, Maces & Flails, Polearms, Staves and Unarmed
   Combat.
   Cunning:   Dodging and Stealth.
 c - the cursed +0 helmet "Dismay of Ashenzari" (worn) {Elem, Fort}

   It has a curse which improves the following skills: Elements: Fire Magic, Ice
   Magic, Air Magic and Earth Magic.
   Fortitude: Armour and Shields.
 l - the cursed +0 ring mail of Ashenzari's Foul Odors (worn) {Self, Cun}
   (You found it on level 2 of the Dungeon)

   It has a curse which improves the following skills: Introspection: Fighting
   and Spellcasting.
   Cunning:   Dodging and Stealth.
 w - a +0 ring mail
Magical Staves
 i - a staff of poison
Jewellery
 y - a ring of flight
Wands
 t - a wand of flame (23)
Scrolls
 f - a scroll of enchant armour
 g - 4 scrolls of teleportation
 j - 2 scrolls of magic mapping
 k - 4 scrolls of identify
 n - 2 scrolls of enchant weapon
 o - a scroll of blinking
 q - 3 scrolls of brand weapon
 s - a scroll of amnesia
Potions
 e - 6 potions of curing
 p - 2 potions of cancellation
 r - a potion of heal wounds
 u - 2 potions of brilliance
 z - a potion of magic


   Skills:
 + Level 3.8(5.1) Fighting
 - Level 8.5(10.0) Polearms
 - Level 1.7 Throwing
 - Level 2.6(4.5) Dodging


You had 7 spell levels left.
You didn't know any spells.
Your spell library contained the following spells:

 Spells                   Type           Power      Damage    Failure   Level
 Passwall                 Tmut/Erth      0%         N/A       50%         2
 Swiftness                Air            0%         N/A       71%         3
 Invisibility             Hex            0%         N/A       100%        6


Dungeon Overview and Level Annotations

Branches:
Dungeon (6/15)             Temple (1/1) D:4         Ossuary (visited)

Altars:
Ashenzari
Cheibriados
Dithmenos
Elyvilon
Fedhas
Gozag
Hepliaklqana
Kikubaaqudgha
Makhleb
Nemelex Xobeh
Qazlal
Sif Muna
Trog
Uskayaw
Vehumet
Wu Jian
Yredelemnul
Zin
The Shining One

Shops:
D:4 :

Annotations:
D:5 3 runed translucent doors, bnorton916's ghost, novice DECj


Innate Abilities, Weirdness & Mutations

You have sharp toenails.
You may rarely emit foul miasma when damaged in melee.
Your movements are less encumbered by armour. (ER -4)


Message History

A steam dragon is nearby!
The steam dragon hisses angrily.
The steam dragon breathes steam at you. The ball of steam hits you.
You are engulfed in a cloud of scalding steam.
You are engulfed in a cloud of scalding steam.
The steam dragon breathes steam at you. The ball of steam hits you!
You are too injured to fight recklessly!
You are too injured to fight recklessly!
You are too injured to fight recklessly!
You puncture the steam dragon!
The steam dragon is moderately wounded.
The steam dragon barely misses you. The steam dragon claws you.
You hit the steam dragon.
The steam dragon is heavily wounded.
The steam dragon bites you but does no damage.
The steam dragon claws you but does no damage.
You barely miss the steam dragon.
The steam dragon is moderately wounded.
You are engulfed in a cloud of scalding steam.
You hit the steam dragon but do no damage.
The steam dragon is moderately wounded.
You are engulfed in a cloud of scalding steam.
The steam dragon breathes steam at you. The ball of steam hits you!
* * * LOW HITPOINT WARNING * * *
The steam dragon bites you but does no damage.
The steam dragon claws you.
* * * LOW HITPOINT WARNING * * *
You hit the steam dragon but do no damage.
Your kick misses the steam dragon.
The steam dragon is moderately wounded.
The steam dragon breathes steam at you. The ball of steam hits you!
* * * LOW HITPOINT WARNING * * *
You are engulfed in a cloud of scalding steam.
* * * LOW HITPOINT WARNING * * *
The steam dragon bites you!
You die...

* * #.# * ########. #.# *
)........* #.# , #########
#.# * #.# ,* #.# #§# *
######### #§######.###
........# #@D.........
.######.# #.######.### .#
#.# #......# * .#### #.#
####.####.# * *
..).###.#####.....### ,
###.....................**
######################


You could see a steam dragon (catching breath).

Vanquished Creatures
  Edmund (D:6)
  A water moccasin (D:6)
  2 ogres
  A kobold brigand (D:6)
  A phantom (D:5)
  Blork the orc (D:4)
  A hound (D:2)
  An orc priest (D:3)
  2 iguanas
  An orc wizard (D:3)
  A hound skeleton (D:3)
  8 mummies (Ossuary)
  7 adders
  A white imp (D:5)
  4 worms
  4 dart slugs
  4 orcs
  8 bats
  5 endoplasms
  5 giant cockroaches
  3 gnoll zombies (Ossuary)
  7 goblins
  7 hobgoblins
  7 jackals
  2 quokkas
  2 ball pythons
  4 frilled lizards
  A hobgoblin zombie (D:4)
  A jackal zombie (D:4)
  9 kobolds
  A kobold zombie (Ossuary)
  5 orc zombies
  6 rats
114 creatures vanquished.

Notes
Turn   | Place    | Note
-------+----------+-------------------------------------------
     0 | D:1      | cdecastro the Demonspawn Gladiator began the quest for the
                  | Orb.
     0 | D:1      | Reached XP level 1. HP: 16/16 MP: 1/1
   263 | D:1      | Found a faded altar of an unknown god.
   345 | D:1      | Reached skill level 3 in Polearms
   569 | D:1      | Gained mutation: Your movements are slightly less
                  | encumbered by armour. (ER -2) [demonic ancestry]
   569 | D:1      | Reached XP level 2. HP: 22/22 MP: 2/2
  1338 | D:1      | Reached XP level 3. HP: 6/27 MP: 3/3
  1399 | D:1      | Became a worshipper of Ashenzari the Shackled
  1634 | D:1      | Reached skill level 4 in Polearms
  2198 | D:2      | Gained mutation: Your movements are less encumbered by
                  | armour. (ER -4) [demonic ancestry]
  2198 | D:2      | Reached XP level 4. HP: 26/33 MP: 4/4
  2601 | D:3      | Found a broken altar of Ashenzari.
  2645 | D:3      | Reached skill level 5 in Polearms
  2655 | D:3      | Gained mutation: You may rarely emit foul miasma when
                  | damaged in melee. [demonic ancestry]
  2655 | D:3      | Reached XP level 5. HP: 17/38 MP: 5/5
  2851 | D:3      | Reached * piety under Ashenzari
  3280 | D:4      | Noticed an ogre
  3280 | D:4      | Found a sand-covered staircase.
  3280 | D:4      | Found a shadowy altar of Dithmenos.
  3386 | D:4      | Found a staircase to the Ecumenical Temple.
  3391 | D:4      | Found Woufut's Book Shop.
  3400 | Ossuary  | Entered an ossuary
  3448 | Ossuary  | Reached skill level 6 in Polearms
  3471 | Ossuary  | Gained mutation: You have sharp toenails. [demonic
                  | ancestry]
  3471 | Ossuary  | Reached XP level 6. HP: 24/44 MP: 6/6
  3785 | Ossuary  | Reached ** piety under Ashenzari
  3840 | D:4      | Noticed Blork the orc
  3876 | D:4      | Killed Blork the orc
  4179 | D:4      | Found a radiant altar of Vehumet.
  4279 | D:4      | Reached skill level 7 in Polearms
  4557 | Temple   | Entered the Ecumenical Temple
  4645 | D:5      | Entered Level 5 of the Dungeon
  4647 | D:5      | Found a runed translucent gate.
  4647 | D:5      | Found a runed translucent gate.
  4648 | D:5      | Found a runed translucent gate.
  4651 | D:5      | Noticed bnorton916's ghost (novice DECj)
  4762 | D:5      | Found a bloodstained altar of Trog.
  4771 | D:5      | Reached XP level 7. HP: 46/52 MP: 7/7
  4809 | D:5      | Found a burning altar of Makhleb.
  5097 | D:5      | Found a snail-covered altar of Cheibriados.
  5590 | D:6      | Noticed Edmund
  5605 | D:6      | HP: 1/52 [Edmund (12)]
  5606 | D:6      | Killed Edmund
  5607 | D:6      | Reached skill level 8 in Polearms
  6081 | D:6      | Reached XP level 8. HP: 62/62 MP: 8/8
  6116 | D:6      | Slain by a steam dragon

Illustrated notes

Levels and vault maps discovered:
D:1:      matt_arrival_los_fun, layout_basic, ebering_ecumenical_altar_hall
D:2:      layout_basic
D:3:      layout_rooms, cheibrodos_ashenzari_chains
D:4:      layout_cave_pools, grunt_dithmenos_smoke_and_mirrors,
          nicolae_vehumet_radiance, minmay_temple_entry_statues_fountains,
          enter_ossuary_3, serial_shops, nicolae_square_shop, uniq_blork_the_orc
D:5:      layout_basic, trog_three_pillars_becter, overflow_temple_1_default,
          cheibrodos_worm_habitat, gammafunk_ghost_necromancy,
          hangedman_glass_teeth
D:6:      layout_loops_ring, uniq_edmund
Temple:   nicolae_temple_god_jail

Skill      XL: |  1  2  3  4  5  6  7 |
---------------+----------------------+-----
Polearms       | 3 4 5 6 7 8 |  8.5
Fighting       | 3 |  3.8
Throwing       | |  1.7
Dodging        | |  2.6

Action                   |  1- 3 |  4- 6 |  7- 9 || total
-------------------------+-------+-------+-------++-------
Melee: Trident           |   154 |   230 |    84 ||   468
       Kick              |       |    24 |    25 ||    49
Throw: Stone             |     3 |       |       ||     3
Invok: Curse Item        |     1 |     3 |       ||     4
  Use: Potion            |     1 |     1 |     1 ||     3
 Stab: Sleeping          |     3 |       |       ||     3
Armor: Leather armour    |    48 |       |       ||    48
       Ring mail         |       |    71 |    20 ||    91
Dodge: Dodged            |    83 |   123 |    28 ||   234
